 Dungeon Crawl Stone Soup version 0.18.1-48-g4cf74bf (webtiles) character file.

67 Alarkh the Charmwright (level 3, 0/27 HPs)
             Began as a Vampire Skald on July 18, 2016.
             Slain by Terence
             ... wielding a +0 flail
              (2 damage)
             ... on level 1 of the Dungeon.
             The game lasted 00:02:14 (1168 turns).

Alarkh the Charmwright (Vampire Skald)              Turns: 1168, Time: 00:02:15

Health: 0/27       AC:  5    Str:  9    XL:     3   Next: 98%
Magic:  2/7        EV: 11    Int: 15    God:
Gold:   21         SH:  0    Dex: 13    Spells: 3 memorised, 1 level left

rFire  . . .     SeeInvis +     a - +0 falchion
rCold  + . .     Gourm    .     b - +0 leather armour
rNeg   + + .     Faith    .     (no shield)
rPois  +         Spirit   .     l - +1 helmet
rElec  .         Dismiss  .     (no cloak)
rCorr  .         Reflect  .     (no gloves)
SustAt .         Harm     .     (no boots)
MR     .....     Rnd*Tele +     (no amulet)
Stlth  +.........               g - -2 ring of strength (curse)
                                f - ring of teleportation (curse)

@: regenerating slowly, not resistant to hostile enchantments, very unstealthy
A: fangs 3, see invisible, unbreathing
a: Bat Form


You were on level 1 of the Dungeon.
You were very thirsty.

You visited 1 branch of the dungeon, and saw 2 of its levels.

You collected 21 gold pieces.

Inventory:

Hand Weapons
 a - a +0 falchion (weapon)
Armour
 b - a +0 leather armour (worn)
 l - a +1 helmet (worn)
Jewellery
 f - a cursed ring of teleportation (left hand)
 g - a cursed -2 ring of strength (right hand)
Scrolls
 i - a scroll of blinking {unknown}
 j - 2 scrolls of immolation {unknown}
 k - 3 scrolls of identify {unknown}
 m - a scroll of enchant weapon {unknown}
 n - a scroll of fear {unknown}
Potions
 d - 2 potions of blood
 e - a potion of curing {unknown}
 h - a potion of flight {unknown}
 o - a potion of heal wounds {unknown}
 p - 3 potions of cure mutation {unknown}
Books
 c - a book of Battle

   Spells                             Type                      Level
   a - Infusion                       Charms                       1
   b - Shroud of Golubria             Charms/Translocation         2
   c - Song of Slaying                Charms                       2
   d - Spectral Weapon                Hexes/Charms                 3
   e - Regeneration                   Charms/Necromancy            3


   Skills:
 - Level 1.7 Fighting
 * Level 3.1 Long Blades
 - Level 0.7 Armour
 - Level 1.1 Dodging
 + Level 3.0 Spellcasting
 + Level 3.7 Charms


You had one spell level left.
You knew the following spells:

 Your Spells              Type           Power        Failure   Level  Hunger
a - Infusion              Chrm           ##..         10%         1    #......
c - Spectral Weapon       Hex/Chrm       #.......     38%         3    ###....
e - Regeneration          Chrm/Necr      #.........   38%         3    ###....


Dungeon Overview and Level Annotations

Branches:
Dungeon (2/15)

Altars:

Annotations:
D:1 Terence


Innate Abilities, Weirdness & Mutations

You heal slowly.
You have razor-sharp teeth.
You have supernaturally acute eyesight.
You can survive without breathing.


Message History

There is a stone staircase leading up here.
The kobold shouts!
The adder bites you but does no damage. Terence hits you but does no damage.
The adder bites you.
* * * LOW HITPOINT WARNING * * *
You climb upwards.
There is a stone staircase leading down here.
The adder barely misses you.
Terence says, "Don't bother to defend, it's pointless."
The adder bites you but does no damage. The adder bites you.
* * * LOW HITPOINT WARNING * * *
You slash the adder!
The adder is severely wounded.
The adder closely misses you.
You slash the adder!
You kill the adder!
Your Spellcasting skill increases to level 3!
Terence hits you with a flail.
You die...

#####......#######...#####.######
........#...# ###............#
........#...# #...........#.##
######....#.# #.##..........#
#######..##.# #.#.>.>(.....##
#.'..###.##.## #.#..........#
..#.<# #.##..###.#..........#
#'#### #.##...#..@..........#
...#####.##.#...@#..........#
...#≈≈≈#...................##
.(.#≈⌠≈#####..)####........##
##'#≈.≈###......##..........#
.......#...#.##..#..........#
########.##...##.#..........# ..#
####.#.##...>........# ..#
###.#.####..........# ..#
##...#.# #..%......##


You could see Terence.

Vanquished Creatures
  Jessica (D:2)
  An adder (D:1)
  2 worms (D:2)
  2 dart slugs (D:1)
  A giant gecko (D:1)
  A ball python (D:2)
  A giant cockroach (D:1)
  4 goblins (D:1)
  4 hobgoblins
  2 bats (D:1)
  A giant newt (D:1)
  A kobold (D:1)
  2 rats (D:1)
23 creatures vanquished.

Notes
Turn   | Place    | Note
--------------------------------------------------------------
     0 | D:1      | Alarkh the Vampire Skald began the quest for the Orb.
     0 | D:1      | Reached XP level 1. HP: 16/16 MP: 3/3
   399 | D:1      | Reached XP level 2. HP: 8/22 MP: 1/5
   907 | D:2      | Noticed Jessica
   915 | D:2      | Killed Jessica
   915 | D:2      | Reached XP level 3. HP: 23/27 MP: 0/7
   920 | D:2      | Learned a level 3 spell: Regeneration
   924 | D:2      | Learned a level 3 spell: Spectral Weapon
  1057 | D:2      | Noticed Terence
  1168 | D:1      | Slain by Terence

Skill      XL: |  1  2  3 |
---------------+----------+-----
Long Blades    | 3 |  3.1
Spellcasting   | 3 |  3.0
Fighting       | |  1.7
Armour         | |  0.7
Dodging        | |  1.1
Charms         | |  3.7

Action                   || total
-------------------------++-------
Melee: Falchion          ||    81
       Bite              ||     4
 Cast: Infusion          ||    13
       Regeneration      ||     2
Armor: Leather armour    ||    28
Dodge: Dodged            ||    55
